 Dungeon Crawl Stone Soup version 0.25.0-26-g0c896c7088 (webtiles) character file.

Game seed: 18330707562553705607

613 Exodus22XD the Chopper (level 7, -1/62 HPs)
             Began as a Deep Dwarf Fighter on July 5, 2020.
             Was a Follower of Makhleb.
             Killed by divine providence
             ... invoked by an orc priest
              (12 damage)
             ... on level 5 of the Dungeon.
             The game lasted 00:06:29 (3640 turns).

Exodus22XD the Chopper (Deep Dwarf Fighter)         Turns: 3640, Time: 00:06:31

Health: -1/62      AC: 12    Str: 21    XL:     7   Next: 20%
Magic:  8/8        EV:  6    Int:  9    God:    Makhleb [*.....]
Gold:   193        SH: 10    Dex: 12    Spells: 6/6 levels left

rFire    . . .     SeeInvis .   a - +0 war axe
rCold    . . .     Gourm    .   c - +0 kite shield
rNeg     . . .     Faith    .   q - +0 chain mail
rPois    +         Spirit   .   (no helmet)
rElec    .         Reflect  .   m - +0 cloak
rCorr    .         Harm     .   t - +0 pair of gloves
MR       +....                  (no boots)
Stlth    ..........             (no amulet)
HPRegen  0.00/turn              h - ring of poison resistance
MPRegen  0.11/turn              (no ring)

@: non-regenerating
A: damage resistance, heal wounds, sense surroundings 1, no regeneration
a: Heal Wounds, Renounce Religion


You were on level 5 of the Dungeon.
You worshipped Makhleb.
Makhleb was aware of your devotion.
You were not hungry.

You visited 1 branch of the dungeon, and saw 5 of its levels.

You collected 193 gold pieces.

Inventory:

Hand Weapons
 a - a +0 war axe (weapon)
 k - a +1 whip of freezing
Armour
 c - a +0 kite shield (worn)
 m - a +0 cloak (worn)
 q - a +0 chain mail (worn)
 t - a +0 pair of gloves (worn)
Jewellery
 h - a ring of poison resistance (left hand)
Wands
 g - a wand of flame (15)
 r - a wand of clouds (9)
Scrolls
 j - 4 scrolls of identify {unknown}
 n - a scroll of immolation {unknown}
 o - 2 scrolls of remove curse {unknown}
 p - a scroll of magic mapping {unknown}
 s - a scroll of teleportation {unknown}
 u - a scroll of amnesia {unknown}
 w - a scroll of enchant weapon {unknown}
Potions
 b - a potion of lignification {unknown}
 d - a potion of might
 e - a potion of heal wounds {unknown}
 i - a potion of degeneration {unknown}
 l - a potion of stabbing {unknown}
Comestibles
 f - 7 rations
 v - 2 chunks of flesh


   Skills:
 + Level 3.6 Fighting
 + Level 5.3(5.4) Axes
 + Level 0.4(3.0) Maces & Flails
 + Level 4.6 Armour
 + Level 1.7 Dodging
 + Level 5.0 Shields
 * Level 3.1 Invocations


You had 6 spell levels left.
You didn't know any spells.
Your spell library was empty.

Dungeon Overview and Level Annotations

Branches:
Dungeon (5/15)
 Temple: D:4-7

Altars:
Hepliaklqana
Makhleb
Qazlal


Innate Abilities, Weirdness & Mutations

You are resistant to damage.
You can heal yourself by infusing magical energy.
You passively map a small area around you.
You do not regenerate.


Message History

The orc priest calls down the wrath of Beogh upon you.
Beogh smites you! Something hits you but does no damage.
You miss something.
You hit the orc priest but do no damage.
Something hits you but does no damage.
The orc priest mumbles some strange prayers to Beogh against you.
Pain shoots through your body!
You closely miss something. You closely miss the orc priest.
Something hits you but does no damage.
The orc priest invokes the aid of Beogh against you.
Beogh smites you!
* * * LOW HITPOINT WARNING * * *
You hit something. Makhleb accepts your kill.
Reactivating autopickup.
You feel a bit more experienced.
You closely miss the orc priest. You block the orc priest's attack.
The orc priest invokes the aid of Beogh against you.
Beogh smites you!
You die...

# * ## ## , , .### ### #.
, * #..#* #...#. *** , *
,* .#....... ...#. ###
######### , ... ..# # * *
# #o##.##.# ## #)@.....#
.## ########.####
#.#########...........#
##..##......###.#..##.# ,
#.#.##......##........).
.............#............
.##.#..............##.....
,
.##.#.......###.......###.
....#.#####...........# ,


You could see an orc priest.

Vanquished Creatures
  A phantom (D:4)
  A centaur (D:5)
  A hound (D:3)
  Crazy Yiuf (D:2)
  A centaur skeleton (D:5)
  4 orc wizards
  An iguana (D:5)
  2 worker ants
  A hound zombie (D:5)
  5 adders
  A shadow imp (D:5)
  3 worms
  4 dart slugs (D:1)
  3 leopard geckos
  10 orcs
  4 giant cockroaches
  9 goblins
  10 hobgoblins
  5 quokkas
  A ball python (D:3)
  13 bats
  6 frilled lizards
  9 kobolds
  5 rats
101 creatures vanquished.

Notes
Turn   | Place    | Note
-------+----------+-------------------------------------------
     0 | D:1      | Exodus22XD the Deep Dwarf Fighter began the quest for the
                  | Orb.
     0 | D:1      | Reached XP level 1. HP: 20/20 MP: 1/1
   179 | D:1      | Reached XP level 2. HP: 21/27 MP: 2/2
   717 | D:1      | Reached XP level 3. HP: 15/33 MP: 3/3
  1333 | D:2      | Found a runed translucent door.
  1334 | D:2      | Noticed Crazy Yiuf
  1466 | D:2      | Found a faded altar of an unknown god.
  1519 | D:2      | Found a stormy altar of Qazlal.
  1599 | D:2      | Reached XP level 4. HP: 26/42 MP: 4/4
  1669 | D:2      | Found a hazy altar of Hepliaklqana.
  1676 | D:2      | Reached skill level 1 in Dodging
  1987 | D:2      | Killed Crazy Yiuf
  2158 | D:3      | Reached XP level 5. HP: 44/49 MP: 5/5
  2163 | D:3      | Found a burning altar of Makhleb.
  2176 | D:3      | Became a worshipper of Makhleb the Destroyer
  2920 | D:4      | Reached skill level 1 in Invocations
  2924 | D:4      | Reached * piety under Makhleb
  2959 | D:4      | Noticed a phantom
  3037 | D:4      | Killed a phantom
  3037 | D:4      | Reached XP level 6. HP: 25/56 MP: 7/7
  3479 | D:5      | Entered Level 5 of the Dungeon
  3555 | D:5      | Reached skill level 5 in Axes
  3592 | D:5      | Reached XP level 7. HP: 24/62 MP: 8/8
  3628 | D:5      | Reached skill level 5 in Shields
  3640 | D:5      | Killed from afar by an orc priest

Illustrated notes

Levels and vault maps discovered:
D:1:      mushboom_english_gardens, layout_basic, minmay_fountain_box,
          chequers_big_river, hangedman_abyss_or_decor_stabs
D:2:      layout_basic, overflow_temple_1_default, lemuel_crystal_altar,
          chequers_ecumenical_altar_twisty, minivault_27,
          guppyfry_early_orc_mine, uniq_crazy_yiuf_cottage
D:3:      layout_basic, first_ration, kennysheep_cross_bottleneck,
          makhleb_heckhound_becter
D:4:      layout_basic, amethyst_killhole, minmay_statues_item
D:5:      layout_loops_cross, zin_purify, minmay_temple_entry_from_below_a,
          uniq_duvessa, uniq_sigmund

Skill      XL: |  1  2  3  4  5  6  7 |
---------------+----------------------+-----
Fighting       | 3 |  3.6
Axes           | 3 4 5 |  5.3
Shields        | 4 5 |  5.0
Dodging        | 1 |  1.7
Armour         | 4 |  4.6
Invocations    | 1 2 3 |  3.1
Maces & Flails | |  0.4

Action                   |  1- 3 |  4- 6 |  7- 9 || total
-------------------------+-------+-------+-------++-------
Melee: War axe           |   154 |   207 |    30 ||   391
       Whip              |       |    12 |       ||    12
 Abil: Heal Wounds       |     1 |     3 |     2 ||     6
  Eat: Chunk             |     3 |     6 |     1 ||    10
Armor: Scale mail        |   106 |    40 |       ||   146
       Chain mail        |       |    61 |    25 ||    86
Dodge: Dodged            |    61 |    78 |     6 ||   145
Block: Kite shield       |   119 |   123 |    18 ||   260
